 Dungeon Crawl Stone Soup version 0.17.0-9-g801d43b (webtiles) character file.

49 Sheev the Bolt Thrower (level 4, -3/33 HPs)
             Began as a Formicid Hunter on Nov 10, 2015.
             Slain by a gnoll
             ... wielding a +2 dagger of chaos
              (5 damage)
             ... on level 2 of the Dungeon.
             The game lasted 00:09:24 (1449 turns).

Sheev the Bolt Thrower (Formicid Hunter)            Turns: 1449, Time: 00:09:25

Health: -3/33      AC:  4    Str: 16    XL:     4   Next: 2%
Magic:  4/4        EV: 11    Int: 11    God:
Gold:   110        SH:  0    Dex: 12    Spells: 0 memorised, 3 levels left

rFire  . . .     SeeInvis +     a - +1 hand crossbow
rCold  . . .     Clarity  .     d - +0 leather armour
rNeg   . . .     SustAt   .     (no shield)
rPois  .         Gourm    .     (helmet unavailable)
rElec  .         Spirit   .     (no cloak)
rCorr  .         Warding  .     h - +0 pair of gloves
rMut   .         Stasis   +     (no boots)
MR     .....                    (no amulet)
Stlth  +.........               (no ring)
                                (no ring)

@: lethally poisoned (-3 -> -19), drained, not resistant to hostile
enchantments, very unstealthy
A: permanent stasis, dig shafts and tunnels, four strong arms, antennae 3
a: Dig, Shaft Self


You were on level 2 of the Dungeon.
You were not hungry.

You visited 1 branch of the dungeon, and saw 2 of its levels.

You collected 110 gold pieces.

Inventory:

Hand Weapons
 a - a +1 hand crossbow (weapon)
 c - a +0 spear
Missiles
 b - 35 bolts (quivered)
Armour
 d - a +0 leather armour (worn)
 h - a +0 pair of gloves (worn)
Scrolls
 f - a scroll of remove curse {unknown}
 g - 2 scrolls of immolation {unknown}
 k - 3 scrolls of identify {unknown}
 l - a scroll of enchant weapon {unknown}
 o - a scroll of amnesia {unknown}
Potions
 i - a potion of heal wounds {unknown}
 n - a potion of beneficial mutation {unknown}
 p - a potion of mutation {unknown}
 r - a potion of degeneration {unknown}
 s - a potion of cancellation {unknown}
Comestibles
 e - 2 bread rations
 j - a slice of pizza
 m - a meat ration
 q - a chunk of flesh


   Skills:
 - Level 2.1(1.9) Fighting
 + Level 5.3(5.0) Crossbows
 - Level 1.7(1.5) Dodging
 - Level 1.2(0.9) Stealth


You had 3 spell levels left.
You didn't know any spells.

Dungeon Overview and Level Annotations

Branches:
Dungeon (2/15)

Altars:


Innate Abilities, Weirdness & Mutations

You are under a permanent stasis effect.
You can dig through walls and to a lower floor.
Your four strong arms can wield two-handed weapons with a shield.
You have a pair of large antennae on your head (SInv).


Message History

Firing (i - inventory):
b - 37 bolts (quivered)
Press: ? - help, Shift-Dir - straight line, f - gnoll
Aim: a gnoll, wielding a dagger of chaos You shoot a bolt.
The bolt barely misses the gnoll.
You feel sick.
The gnoll hits you with a dagger of chaos.
* * * LOW HITPOINT WARNING * * *
You are lethally poisoned!
Firing (i - inventory):
b - 36 bolts (quivered)
Press: ? - help, Shift-Dir - straight line, f/p - gnoll
Aim: a gnoll, wielding a dagger of chaos You shoot a bolt.
The bolt hits the gnoll!
The gnoll is heavily wounded.
* * * LOW HITPOINT WARNING * * *
You feel sick.
The gnoll hits you with a dagger of chaos.
* * * LOW HITPOINT WARNING * * *
You feel drained.
* * * LOW HITPOINT WARNING * * *
The gnoll hits you with a dagger of chaos.
You die...

###.# #........ ##...####...###
..#.# ##.#....####...........#..
#..)####...#...............#.....
.................................
.................................
#<#.##.#...######..##............
#.).##......######.##..#.##.##...
###...##........##.......##>###..
###...##...####.@g.....(....#####
#.......#.###########........#
...........................#.#
#.......############..######g#
###...### #.## ?. #...# ### ≈..
##### $#. ##≈#


You could see a gnoll.

Vanquished Creatures
  A gnoll (D:2)
  An adder (D:2)
  An ooze (D:2)
  2 giant geckos
  2 bats
  3 giant cockroaches
  2 goblins
  5 hobgoblins
  3 kobolds (D:1)
  3 rats
23 creatures vanquished.

Notes
Turn   | Place    | Note
--------------------------------------------------------------
     0 | D:1      | Sheev the Formicid Hunter began the quest for the Orb.
     0 | D:1      | Reached XP level 1. HP: 16/16 MP: 1/1
   313 | D:1      | Reached XP level 2. HP: 17/22 MP: 2/2
   991 | D:2      | Reached XP level 3. HP: 27/27 MP: 3/3
  1028 | D:2      | Reached skill level 5 in Crossbows
  1447 | D:2      | Reached XP level 4. HP: 13/33 MP: 4/4
  1449 | D:2      | Slain by a gnoll

Action                   |  1- 3 |  4- 6 || total
-------------------------+-------+-------++-------
Melee: Short sword       |    91 |       ||    91
       Spear             |    25 |       ||    25
 Fire: Hand crossbow     |     7 |     2 ||     9
 Stab: Sleeping          |     1 |       ||     1
  Eat: Chunk             |     2 |       ||     2
